Canadiens vs Sabres

Created - April 7 2011 at 18:23

Goals
1 2 3 T
Canadiens 1 0 0 1
Sabres 1 1 0 2
Shots
1 2 3 T
Canadiens 6 6 6 18
Sabres 14 7 12 33

Period #1

1. Canadiens , Ed Jovanovski 12 (Patrick Kane, Ilya Kovalchuk) at 3:41
2. Sabres , Brian Gionta 43 (Tuomo Ruutu, Mike Richards) at 9:39 (PP)

Penalties :
Marcel Goc (MTL) for Hooking (Minor) at 8:01, Ed Jovanovski (MTL) for Holding (Minor) at 13:36, Scott Hartnell (MTL) for Hooking (Minor) at 18:10

Period #2

3. Sabres , Tuomo Ruutu 13 (David Legwand, Trevor Daley) at 7:09

Penalties :
Niklas Kronwall (MTL) for Tripping (Minor) at 0:03, Tuomo Ruutu (BUF) for Holding (Minor) at 4:54, John Erskine (MTL) for Hooking (Minor) at 13:45, Maxime Talbot (MTL) for Roughing (Minor) at 15:23

Period #3

No Goal

Penalties :
Scott Hartnell (MTL) for Goalie Interference (Minor) at 1:58, Kyle Quincey (BUF) for Hooking (Minor) at 5:52, Marcel Goc (MTL) for Tripping (Minor) at 10:51, Ed Jovanovski (MTL) for Hooking (Minor) at 13:20

Goalie Stats

Jaroslav Halak (MTL), 31 saves from 33 shots - (0.939), L, 28-32-6, 60:00 minutes
Evgeni Nabokov (BUF), 17 saves from 18 shots - (0.944), W, 31-23-8, 60:00 minutes

Players Stats

Canadiens
Player Name              G  A  P  +/- PIM S  H  SB FO    MP 
------------------------------------------------------------
Barret Jackman           0  0  0   0  0   0  1  0  0/0   15 
Brent Seabrook           0  0  0   0  0   1  1  2  0/0   22 
Ed Jovanovski            1  0  1   0  4   1  1  1  0/0   18 
Ilya Kovalchuk           0  1  1   0  0   2  2  0  0/2   18 
John Erskine             0  0  0   0  2   0  2  2  0/0   5  
Marcel Goc               0  0  0   0  4   0  1  0  9/17  11 
Martin Havlat            0  0  0   0  0   1  0  0  1/6   18 
Matt Cullen              0  0  0   0  0   0  1  0  2/3   18 
Maxime Talbot            0  0  0   0  2   0  1  0  2/2   8  
Niclas Wallin            0  0  0   0  0   0  1  2  0/0   19 
Niklas Kronwall          0  0  0   0  2   0  0  3  0/0   18 
Patrick Kane             0  1  1   0  0   4  1  0  1/2   16 
Patrick Sharp            0  0  0   0  0   1  0  0  0/1   16 
Paul Stastny             0  0  0   0  0   2  0  0  7/12  19 
R.J. Umberger            0  0  0   0  0   0  1  0  7/21  19 
Scott Hartnell           0  0  0   0  4   1  1  0  0/0   10 
Tim Gleason              0  0  0   0  0   2  1  2  0/0   20 
Tomas Plekanec           0  0  0   0  0   3  1  0  9/14  13 
Sabres
Player Name              G  A  P  +/- PIM S  H  SB FO    MP 
------------------------------------------------------------
Brian Gionta             1  0  1  -1  0   5  0  0  0/2   23 
Chris Phillips           0  0  0   0  0   0  1  2  0/0   15 
David Legwand            0  1  1   1  0   1  0  2  7/14  17 
Devin Setoguchi          0  0  0   1  0   2  1  0  0/0   7  
Eric Fehr                0  0  0   0  0   0  0  0  1/2   10 
James Neal               0  0  0   0  0   2  2  0  0/2   18 
Jeff Schultz             0  0  0  -1  0   2  1  1  0/0   23 
Johan Franzen            0  0  0   0  0   0  1  0  0/0   10 
Kyle Quincey             0  0  0   0  2   1  2  1  0/0   19 
Luke Schenn              0  0  0   1  0   0  5  1  0/0   14 
Mike Richards            0  1  1  -1  0   3  3  0  11/18 23 
Ryan Kesler              0  0  0   0  0   3  0  0  20/38 21 
Teemu Selanne            0  0  0   0  0   4  0  0  2/2   19 
Trevor Daley             0  1  1   1  0   1  0  0  0/0   14 
Troy Brouwer             0  0  0  -1  0   2  1  0  0/1   15 
Tuomo Ruutu              1  1  2   1  2   5  0  0  1/1   13 
Tyler Myers              0  0  0  -1  0   2  2  4  0/0   24 
Victor Hedman            0  0  0   0  0   0  0  0  0/0   10 

3 Stars

1 - Tuomo Ruutu (BUF)
2 - Evgeni Nabokov (BUF)
3 - Jaroslav Halak (MTL)

Power Play

Canadiens - 0 on 2 Attempt(s) - 0.00%
Sabres - 1 on 9 Attempt(s) - 11.11%

Penalty Kill

Canadiens - 8 on 9 Attempt(s) - 88.89% - Score 0 goal in Penalty Kill
Sabres - 2 on 2 Attempt(s) - 100.00% - Score 0 goal in Penalty Kill

Game Notes

No Game Note

Finance

Level 1 -- Attendance: 6500 (100.00%) -- Ticket Income $578,500.00
Level 2 -- Attendance: 4676 (93.52%) -- Ticket Income $238,476.00
Level 3 -- Attendance: 3374 (96.40%) -- Ticket Income $114,716.00
Level 4 -- Attendance: 2690 (100.00%) -- Ticket Income $48,420.00
Luxury Box -- Attendance: 898 (89.80%) -- Ticket Income $169,722.00
Game was played at the HSBC Arena
Total Attendance: 18138 (97.05%)
Total Ticket Income: $1,247,587.00
Other Income: $194,814.30
Total Income: $1,442,401.00


Play by Play

Period #1

0:01 of 1st period - Paul Stastny wins face-off versus Mike Richards in neutral zone.
0:23 of 1st period - Shot by Troy Brouwer.
0:23 of 1st period - Stopped by Jaroslav Halak without a rebound.
0:24 of 1st period - R.J. Umberger wins face-off versus Ryan Kesler in Canadiens zone.
0:48 of 1st period - Shot by Teemu Selanne.
0:48 of 1st period - Stopped by Jaroslav Halak with a rebound.
0:56 of 1st period - Shot by James Neal.
0:56 of 1st period - Shot Misses the Net.
0:58 of 1st period - Shot by Chris Phillips.
0:58 of 1st period - Shot Misses the Net.
1:02 of 1st period - Shot by Ryan Kesler.
1:02 of 1st period - Shot Misses the Net.
1:07 of 1st period - James Neal is hit by Tim Gleason and loses puck.
2:22 of 1st period - Shot by Tuomo Ruutu.
2:22 of 1st period - Stopped by Jaroslav Halak without a rebound.
2:23 of 1st period - Tomas Plekanec wins face-off versus David Legwand in Canadiens zone.
3:08 of 1st period - Shot by Patrick Kane.
3:08 of 1st period - Stopped by Evgeni Nabokov without a rebound.
3:09 of 1st period - Patrick Kane wins face-off versus James Neal in Sabres zone.
3:18 of 1st period - Icing by Teemu Selanne.
3:19 of 1st period - Paul Stastny wins face-off versus Ryan Kesler in Sabres zone.
3:19 of 1st period - Paul Stastny is hit by Kyle Quincey.
3:21 of 1st period - Shot by Patrick Sharp.
3:21 of 1st period - Shot Misses the Net.
3:33 of 1st period - Shot by Patrick Sharp.
3:33 of 1st period - Shot Misses the Net.
3:35 of 1st period - Shot by Paul Stastny.
3:35 of 1st period - Stopped by Evgeni Nabokov without a rebound.
3:36 of 1st period - Marcel Goc wins face-off versus Mike Richards in Sabres zone.
3:37 of 1st period - Shot by Ilya Kovalchuk.
3:37 of 1st period - Shot Misses the Net.
3:39 of 1st period - Shot by Patrick Kane.
3:39 of 1st period - Shot Blocked by Tyler Myers.
3:41 of 1st period - Shot by Ed Jovanovski.
3:41 of 1st period - Goal by Ed Jovanovski - Canadiens : 1 - Sabres : 0.
3:42 of 1st period - Mike Richards wins face-off versus R.J. Umberger in neutral zone.
4:03 of 1st period - Off-side.
4:04 of 1st period - Matt Cullen wins face-off versus Ryan Kesler in neutral zone.
5:25 of 1st period - Shot by Brian Gionta.
5:25 of 1st period - Shot Misses the Net.
6:00 of 1st period - Patrick Kane is hit by Luke Schenn and loses puck.
6:36 of 1st period - Matt Cullen is hit by Luke Schenn and loses puck.
6:39 of 1st period - Shot by Tomas Plekanec.
6:39 of 1st period - Shot Misses the Net.
6:41 of 1st period - Shot by Tomas Plekanec.
6:41 of 1st period - Stopped by Evgeni Nabokov without a rebound.
6:42 of 1st period - Paul Stastny wins face-off versus Ryan Kesler in Sabres zone.
6:45 of 1st period - Shot by Patrick Sharp.
6:45 of 1st period - Shot Misses the Net.
7:38 of 1st period - Mike Richards is hit by Scott Hartnell.
7:44 of 1st period - Shot by Brian Gionta.
7:44 of 1st period - Shot Hit the Post.
7:53 of 1st period - Shot by Brian Gionta.
7:53 of 1st period - Stopped by Jaroslav Halak without a rebound.
7:54 of 1st period - David Legwand wins face-off versus Marcel Goc in Canadiens zone.
7:54 of 1st period - David Legwand is hit by John Erskine.
8:01 of 1st period - Minor Penalty to Marcel Goc for Hooking.
8:02 of 1st period - Maxime Talbot wins face-off versus Mike Richards in Canadiens zone.
8:02 of 1st period - Maxime Talbot is hit by Mike Richards.
8:13 of 1st period - Off-side.
8:14 of 1st period - Teemu Selanne wins face-off versus Ilya Kovalchuk in neutral zone.
8:17 of 1st period - Shot by Teemu Selanne.
8:17 of 1st period - Deflect By Ryan Kesler.
8:17 of 1st period - Stopped by Jaroslav Halak without a rebound.
8:18 of 1st period - Ryan Kesler wins face-off versus R.J. Umberger in Canadiens zone.
8:33 of 1st period - Shot by James Neal.
8:33 of 1st period - Shot Misses the Net.
8:35 of 1st period - Shot by Jeff Schultz.
8:35 of 1st period - Stopped by Jaroslav Halak without a rebound.
8:36 of 1st period - Mike Richards wins face-off versus Martin Havlat in Canadiens zone.
8:36 of 1st period - Brian Gionta is hit by Brent Seabrook and loses puck.
8:45 of 1st period - Shot by Kyle Quincey.
8:45 of 1st period - Shot Misses the Net.
8:49 of 1st period - Shot by Mike Richards.
8:49 of 1st period - Shot Misses the Net.
8:51 of 1st period - Shot by Kyle Quincey.
8:51 of 1st period - Shot Misses the Net.
8:53 of 1st period - Shot by Tuomo Ruutu.
8:53 of 1st period - Shot Misses the Net.
8:57 of 1st period - Shot by Mike Richards.
8:57 of 1st period - Shot Misses the Net.
9:01 of 1st period - Shot by Brian Gionta.
9:01 of 1st period - Shot Misses the Net.
9:03 of 1st period - Shot by Mike Richards.
9:03 of 1st period - Shot Blocked by Brent Seabrook.
9:05 of 1st period - Shot by Brian Gionta.
9:05 of 1st period - Stopped by Jaroslav Halak without a rebound.
9:06 of 1st period - Maxime Talbot wins face-off versus Ryan Kesler in Canadiens zone.
9:29 of 1st period - Shot by Teemu Selanne.
9:29 of 1st period - Stopped by Jaroslav Halak without a rebound.
9:30 of 1st period - Mike Richards wins face-off versus Ilya Kovalchuk in Canadiens zone.
9:35 of 1st period - Shot by Tuomo Ruutu.
9:35 of 1st period - Shot Blocked by Niclas Wallin.
9:39 of 1st period - Shot by Brian Gionta.
9:39 of 1st period - Goal by Brian Gionta - Canadiens : 1 - Sabres : 1.
9:40 of 1st period - Marcel Goc wins face-off versus David Legwand in neutral zone.
9:40 of 1st period - Marcel Goc is hit by Johan Franzen.
9:52 of 1st period - Shot by Ilya Kovalchuk.
9:52 of 1st period - Stopped by Evgeni Nabokov with a rebound.
10:04 of 1st period - Shot by Johan Franzen.
10:04 of 1st period - Shot Blocked by John Erskine.
10:09 of 1st period - Off-side.
10:10 of 1st period - Ryan Kesler wins face-off versus Paul Stastny in neutral zone.
10:34 of 1st period - James Neal is hit by Barret Jackman and loses puck.
11:18 of 1st period - Shot by Niklas Kronwall.
11:18 of 1st period - Shot Blocked by Jeff Schultz.
11:22 of 1st period - Shot by Scott Hartnell.
11:22 of 1st period - Stopped by Evgeni Nabokov without a rebound.
11:23 of 1st period - David Legwand wins face-off versus R.J. Umberger in Sabres zone.
11:32 of 1st period - Shot by Devin Setoguchi.
11:32 of 1st period - Shot Misses the Net.
11:41 of 1st period - Patrick Kane is hit by Luke Schenn and loses puck.
12:06 of 1st period - Shot by Patrick Kane.
12:06 of 1st period - Shot Blocked by David Legwand.
12:17 of 1st period - Matt Cullen is hit by Luke Schenn and loses puck.
12:51 of 1st period - Matt Cullen is hit by Tyler Myers and loses puck.
13:07 of 1st period - Shot by Mike Richards.
13:07 of 1st period - Shot Misses the Net.
13:09 of 1st period - Shot by Mike Richards.
13:09 of 1st period - Shot Misses the Net.
13:13 of 1st period - Shot by Troy Brouwer.
13:13 of 1st period - Shot Misses the Net.
13:15 of 1st period - Shot by Troy Brouwer.
13:15 of 1st period - Shot Misses the Net.
13:35 of 1st period - Shot by James Neal.
13:35 of 1st period - Stopped by Jaroslav Halak without a rebound.
13:36 of 1st period - Ryan Kesler wins face-off versus Marcel Goc in Canadiens zone.
13:36 of 1st period - Minor Penalty to Ed Jovanovski for Holding.
13:37 of 1st period - Ryan Kesler wins face-off versus R.J. Umberger in Canadiens zone.
13:54 of 1st period - Shot by Tyler Myers.
13:54 of 1st period - Stopped by Jaroslav Halak without a rebound.
13:55 of 1st period - Mike Richards wins face-off versus Marcel Goc in Canadiens zone.
14:10 of 1st period - Shot by Trevor Daley.
14:10 of 1st period - Shot Misses the Net.
14:34 of 1st period - Jeff Schultz is hit by Marcel Goc and loses puck.
14:42 of 1st period - Icing by Tyler Myers.
14:43 of 1st period - R.J. Umberger wins face-off versus Ryan Kesler in Sabres zone.
14:53 of 1st period - Icing by Jeff Schultz.
14:54 of 1st period - Marcel Goc wins face-off versus James Neal in Sabres zone.
15:09 of 1st period - Icing by Jeff Schultz.
15:10 of 1st period - Ryan Kesler wins face-off versus R.J. Umberger in Sabres zone.
15:12 of 1st period - Teemu Selanne is hit by Maxime Talbot and loses puck.
18:10 of 1st period - Minor Penalty to Scott Hartnell for Hooking.
18:11 of 1st period - Marcel Goc wins face-off versus Mike Richards in Canadiens zone.
18:26 of 1st period - Shot by Kyle Quincey.
18:26 of 1st period - Stopped by Jaroslav Halak with a rebound.
18:50 of 1st period - Shot by Jeff Schultz.
18:50 of 1st period - Stopped by Jaroslav Halak with a rebound.
18:54 of 1st period - Shot by James Neal.
18:54 of 1st period - Stopped by Jaroslav Halak without a rebound.
18:55 of 1st period - Ryan Kesler wins face-off versus R.J. Umberger in Canadiens zone.

Period #2

0:01 of 2nd period - Ryan Kesler wins face-off versus Marcel Goc in neutral zone.
0:03 of 2nd period - Minor Penalty to Niklas Kronwall for Tripping.
0:04 of 2nd period - R.J. Umberger wins face-off versus Mike Richards in Canadiens zone.
0:19 of 2nd period - Shot by Tuomo Ruutu.
0:19 of 2nd period - Stopped by Jaroslav Halak without a rebound.
0:20 of 2nd period - R.J. Umberger wins face-off versus Ryan Kesler in Canadiens zone.
1:12 of 2nd period - Off-side.
1:13 of 2nd period - Mike Richards wins face-off versus R.J. Umberger in neutral zone.
2:28 of 2nd period - Shot by Paul Stastny.
2:28 of 2nd period - Stopped by Evgeni Nabokov without a rebound.
2:29 of 2nd period - Ryan Kesler wins face-off versus Patrick Kane in Sabres zone.
2:36 of 2nd period - Shot by Teemu Selanne.
2:36 of 2nd period - Stopped by Jaroslav Halak without a rebound.
2:37 of 2nd period - Marcel Goc wins face-off versus Troy Brouwer in Canadiens zone.
2:37 of 2nd period - Patrick Kane is hit by Mike Richards.
3:05 of 2nd period - Shot by Troy Brouwer.
3:05 of 2nd period - Stopped by Jaroslav Halak without a rebound.
3:06 of 2nd period - Tomas Plekanec wins face-off versus Eric Fehr in Canadiens zone.
3:08 of 2nd period - Icing by Scott Hartnell.
3:09 of 2nd period - David Legwand wins face-off versus Matt Cullen in Canadiens zone.
3:43 of 2nd period - Icing by Tomas Plekanec.
3:44 of 2nd period - Ryan Kesler wins face-off versus Tomas Plekanec in Canadiens zone.
4:08 of 2nd period - Icing by Barret Jackman.
4:09 of 2nd period - Mike Richards wins face-off versus Patrick Sharp in Canadiens zone.
4:54 of 2nd period - Minor Penalty to Tuomo Ruutu for Holding.
4:55 of 2nd period - Ryan Kesler wins face-off versus Tomas Plekanec in Sabres zone.
4:55 of 2nd period - Ryan Kesler is hit by Tomas Plekanec.
5:17 of 2nd period - Shot by Patrick Kane.
5:17 of 2nd period - Stopped by Evgeni Nabokov without a rebound.
5:18 of 2nd period - Paul Stastny wins face-off versus David Legwand in Sabres zone.
6:04 of 2nd period - Shot by Tomas Plekanec.
6:04 of 2nd period - Shot Misses the Net.
6:06 of 2nd period - Shot by Brent Seabrook.
6:06 of 2nd period - Shot Blocked by Chris Phillips.
6:08 of 2nd period - Shot by Tim Gleason.
6:08 of 2nd period - Stopped by Evgeni Nabokov with a rebound.
6:10 of 2nd period - Shot by Tim Gleason.
6:10 of 2nd period - Stopped by Evgeni Nabokov without a rebound.
6:11 of 2nd period - Tomas Plekanec wins face-off versus Ryan Kesler in Sabres zone.
7:09 of 2nd period - Shot by Tuomo Ruutu.
7:09 of 2nd period - Goal by Tuomo Ruutu - Canadiens : 1 - Sabres : 2.
7:10 of 2nd period - Teemu Selanne wins face-off versus Tomas Plekanec in neutral zone.
8:08 of 2nd period - Niklas Kronwall is hit by Jeff Schultz and loses puck.
8:40 of 2nd period - Icing by Jeff Schultz.
8:41 of 2nd period - R.J. Umberger wins face-off versus Brian Gionta in Sabres zone.
8:50 of 2nd period - Shot by Ilya Kovalchuk.
8:50 of 2nd period - Shot Blocked by Tyler Myers.
10:10 of 2nd period - Shot by Patrick Sharp.
10:10 of 2nd period - Shot Misses the Net.
10:12 of 2nd period - Shot by Patrick Sharp.
10:12 of 2nd period - Shot Blocked by Chris Phillips.
10:16 of 2nd period - Shot by Martin Havlat.
10:16 of 2nd period - Shot Hit the Post.
10:18 of 2nd period - Shot by Patrick Sharp.
10:18 of 2nd period - Stopped by Evgeni Nabokov without a rebound.
10:19 of 2nd period - Marcel Goc wins face-off versus David Legwand in Sabres zone.
10:44 of 2nd period - Shot by Tuomo Ruutu.
10:44 of 2nd period - Shot Misses the Net.
10:54 of 2nd period - Shot by Tuomo Ruutu.
10:54 of 2nd period - Stopped by Jaroslav Halak with a rebound.
10:56 of 2nd period - Shot by Devin Setoguchi.
10:56 of 2nd period - Shot Blocked by John Erskine.
11:00 of 2nd period - Shot by David Legwand.
11:00 of 2nd period - Shot Misses the Net.
12:23 of 2nd period - Matt Cullen is hit by Chris Phillips and loses puck.
12:52 of 2nd period - Shot by David Legwand.
12:52 of 2nd period - Shot Misses the Net.
12:54 of 2nd period - Shot by Devin Setoguchi.
12:54 of 2nd period - Stopped by Jaroslav Halak without a rebound.
12:55 of 2nd period - Paul Stastny wins face-off versus David Legwand in Canadiens zone.
13:45 of 2nd period - Minor Penalty to John Erskine for Hooking.
13:46 of 2nd period - Tuomo Ruutu wins face-off versus R.J. Umberger in Canadiens zone.
14:10 of 2nd period - Shot by Tuomo Ruutu.
14:10 of 2nd period - Shot Blocked by Tim Gleason.
14:14 of 2nd period - Shot by Brian Gionta.
14:14 of 2nd period - Shot Misses the Net.
14:16 of 2nd period - Shot by Brian Gionta.
14:16 of 2nd period - Shot Misses the Net.
14:18 of 2nd period - Shot by Mike Richards.
14:18 of 2nd period - Deflect By Brian Gionta.
14:18 of 2nd period - Stopped by Jaroslav Halak without a rebound.
14:19 of 2nd period - Ryan Kesler wins face-off versus Marcel Goc in Canadiens zone.
15:23 of 2nd period - Minor Penalty to Maxime Talbot for Roughing.
15:24 of 2nd period - Marcel Goc wins face-off versus Ryan Kesler in Canadiens zone.
17:16 of 2nd period - Brent Seabrook is hit by Troy Brouwer and loses puck.
17:26 of 2nd period - Off-side.
17:27 of 2nd period - David Legwand wins face-off versus Paul Stastny in neutral zone.
18:14 of 2nd period - Icing by Victor Hedman.
18:15 of 2nd period - David Legwand wins face-off versus Tomas Plekanec in Sabres zone.
18:43 of 2nd period - Icing by Matt Cullen.
18:44 of 2nd period - Tomas Plekanec wins face-off versus Ryan Kesler in Canadiens zone.
19:07 of 2nd period - Shot by R.J. Umberger.
19:07 of 2nd period - Shot Misses the Net.
19:11 of 2nd period - Shot by Ilya Kovalchuk.
19:11 of 2nd period - Shot Misses the Net.
19:13 of 2nd period - Shot by Patrick Kane.
19:13 of 2nd period - Stopped by Evgeni Nabokov without a rebound.
19:14 of 2nd period - Mike Richards wins face-off versus Paul Stastny in Sabres zone.
19:32 of 2nd period - Icing by Mike Richards.
19:33 of 2nd period - Mike Richards wins face-off versus R.J. Umberger in Sabres zone.
19:33 of 2nd period - Mike Richards is hit by Patrick Kane.

Period #3

0:01 of 3rd period - Martin Havlat wins face-off versus Brian Gionta in neutral zone.
0:09 of 3rd period - Patrick Sharp is hit by Tyler Myers and loses puck.
0:20 of 3rd period - Shot by Patrick Sharp.
0:20 of 3rd period - Shot Blocked by Tyler Myers.
1:08 of 3rd period - Shot by Patrick Kane.
1:08 of 3rd period - Deflect By Ilya Kovalchuk.
1:08 of 3rd period - Stopped by Evgeni Nabokov without a rebound.
1:09 of 3rd period - Tomas Plekanec wins face-off versus Ryan Kesler in Sabres zone.
1:17 of 3rd period - Icing by Kyle Quincey.
1:18 of 3rd period - Ryan Kesler wins face-off versus Marcel Goc in Sabres zone.
1:22 of 3rd period - James Neal is hit by John Erskine and loses puck.
1:39 of 3rd period - Shot by Teemu Selanne.
1:39 of 3rd period - Shot Misses the Net.
1:53 of 3rd period - Icing by James Neal.
1:54 of 3rd period - Tomas Plekanec wins face-off versus Ryan Kesler in Sabres zone.
1:57 of 3rd period - Shot by Matt Cullen.
1:57 of 3rd period - Shot Blocked by Kyle Quincey.
1:58 of 3rd period - Minor Penalty to Scott Hartnell for Goalie Interference.
1:59 of 3rd period - Mike Richards wins face-off versus R.J. Umberger in Canadiens zone.
2:02 of 3rd period - Shot by Brian Gionta.
2:02 of 3rd period - Shot Misses the Net.
2:04 of 3rd period - Shot by Mike Richards.
2:04 of 3rd period - Shot Misses the Net.
3:02 of 3rd period - Shot by Ryan Kesler.
3:02 of 3rd period - Shot Misses the Net.
3:04 of 3rd period - Shot by Ryan Kesler.
3:04 of 3rd period - Shot Misses the Net.
3:06 of 3rd period - Shot by Ryan Kesler.
3:06 of 3rd period - Stopped by Jaroslav Halak without a rebound.
3:07 of 3rd period - Marcel Goc wins face-off versus Ryan Kesler in Canadiens zone.
3:13 of 3rd period - Icing by Ryan Kesler.
3:14 of 3rd period - Ryan Kesler wins face-off versus Marcel Goc in Sabres zone.
3:14 of 3rd period - Ryan Kesler is hit by Matt Cullen.
3:28 of 3rd period - Shot by Teemu Selanne.
3:28 of 3rd period - Shot Misses the Net.
3:30 of 3rd period - Shot by Ryan Kesler.
3:30 of 3rd period - Stopped by Jaroslav Halak without a rebound.
3:31 of 3rd period - Mike Richards wins face-off versus R.J. Umberger in Canadiens zone.
5:00 of 3rd period - Shot by Patrick Kane.
5:00 of 3rd period - Shot Blocked by Tyler Myers.
5:05 of 3rd period - Jeff Schultz is hit by Ed Jovanovski and loses puck.
5:12 of 3rd period - Shot by Mike Richards.
5:12 of 3rd period - Shot Blocked by Ed Jovanovski.
5:20 of 3rd period - Shot by Troy Brouwer.
5:20 of 3rd period - Shot Misses the Net.
5:42 of 3rd period - Shot by David Legwand.
5:42 of 3rd period - Stopped by Jaroslav Halak without a rebound.
5:43 of 3rd period - Tomas Plekanec wins face-off versus Ryan Kesler in Canadiens zone.
5:43 of 3rd period - Tomas Plekanec is hit by James Neal.
5:52 of 3rd period - Minor Penalty to Kyle Quincey for Hooking.
5:53 of 3rd period - David Legwand wins face-off versus Martin Havlat in Sabres zone.
6:10 of 3rd period - Shot by Tim Gleason.
6:10 of 3rd period - Shot Misses the Net.
6:14 of 3rd period - Shot by Tomas Plekanec.
6:14 of 3rd period - Stopped by Evgeni Nabokov with a rebound.
6:16 of 3rd period - Shot by Tomas Plekanec.
6:16 of 3rd period - Stopped by Evgeni Nabokov without a rebound.
6:17 of 3rd period - Ryan Kesler wins face-off versus Paul Stastny in Sabres zone.
6:40 of 3rd period - Shot by Ilya Kovalchuk.
6:40 of 3rd period - Shot Misses the Net.
6:44 of 3rd period - Shot by Patrick Kane.
6:44 of 3rd period - Stopped by Evgeni Nabokov without a rebound.
6:45 of 3rd period - Tomas Plekanec wins face-off versus Ryan Kesler in Sabres zone.
6:48 of 3rd period - Shot by Brent Seabrook.
6:48 of 3rd period - Stopped by Evgeni Nabokov without a rebound.
6:49 of 3rd period - Ryan Kesler wins face-off versus Tomas Plekanec in Sabres zone.
7:33 of 3rd period - Icing by Niclas Wallin.
7:34 of 3rd period - Paul Stastny wins face-off versus David Legwand in Canadiens zone.
7:55 of 3rd period - Off-side.
7:56 of 3rd period - Tomas Plekanec wins face-off versus David Legwand in neutral zone.
8:03 of 3rd period - Shot by Tomas Plekanec.
8:03 of 3rd period - Deflect By Scott Hartnell.
8:03 of 3rd period - Shot Blocked by Luke Schenn.
8:14 of 3rd period - Off-side.
8:15 of 3rd period - Ryan Kesler wins face-off versus Paul Stastny in neutral zone.
8:45 of 3rd period - Martin Havlat is hit by Kyle Quincey and loses puck.
10:43 of 3rd period - Niclas Wallin is hit by Luke Schenn and loses puck.
10:51 of 3rd period - Minor Penalty to Marcel Goc for Tripping.
10:52 of 3rd period - Ryan Kesler wins face-off versus R.J. Umberger in Canadiens zone.
11:30 of 3rd period - Shot by Teemu Selanne.
11:30 of 3rd period - Stopped by Jaroslav Halak without a rebound.
11:31 of 3rd period - Mike Richards wins face-off versus Martin Havlat in Canadiens zone.
11:44 of 3rd period - Shot by Tuomo Ruutu.
11:44 of 3rd period - Stopped by Jaroslav Halak without a rebound.
11:45 of 3rd period - Ryan Kesler wins face-off versus Martin Havlat in Canadiens zone.
11:46 of 3rd period - Shot by Tyler Myers.
11:46 of 3rd period - Shot Blocked by Brent Seabrook.
12:10 of 3rd period - Shot by James Neal.
12:10 of 3rd period - Deflect By Ryan Kesler.
12:10 of 3rd period - Shot Misses the Net.
12:50 of 3rd period - Shot by Tuomo Ruutu.
12:50 of 3rd period - Shot Misses the Net.
12:55 of 3rd period - Icing by Ed Jovanovski.
12:56 of 3rd period - Eric Fehr wins face-off versus Marcel Goc in Canadiens zone.
13:06 of 3rd period - Shot by Patrick Kane.
13:06 of 3rd period - Shot Blocked by David Legwand.
13:12 of 3rd period - Luke Schenn is hit by Ilya Kovalchuk and loses puck.
13:20 of 3rd period - Minor Penalty to Ed Jovanovski for Hooking.
13:21 of 3rd period - Ryan Kesler wins face-off versus R.J. Umberger in Canadiens zone.
13:40 of 3rd period - Shot by Tyler Myers.
13:40 of 3rd period - Stopped by Jaroslav Halak with a rebound.
14:00 of 3rd period - Shot by Trevor Daley.
14:00 of 3rd period - Stopped by Jaroslav Halak without a rebound.
14:01 of 3rd period - Matt Cullen wins face-off versus Mike Richards in Canadiens zone.
14:16 of 3rd period - Shot by Mike Richards.
14:16 of 3rd period - Shot Misses the Net.
14:26 of 3rd period - Shot by Mike Richards.
14:26 of 3rd period - Shot Misses the Net.
14:28 of 3rd period - Shot by Mike Richards.
14:28 of 3rd period - Stopped by Jaroslav Halak without a rebound.
14:29 of 3rd period - Marcel Goc wins face-off versus Ryan Kesler in Canadiens zone.
15:14 of 3rd period - Shot by Brian Gionta.
15:14 of 3rd period - Stopped by Jaroslav Halak without a rebound.
15:15 of 3rd period - R.J. Umberger wins face-off versus Mike Richards in Canadiens zone.
15:50 of 3rd period - Shot by Eric Fehr.
15:50 of 3rd period - Shot Misses the Net.
16:02 of 3rd period - Icing by Luke Schenn.
16:03 of 3rd period - David Legwand wins face-off versus R.J. Umberger in Sabres zone.
16:03 of 3rd period - Luke Schenn is hit by Ilya Kovalchuk.
17:09 of 3rd period - Shot by Brian Gionta.
17:09 of 3rd period - Shot Blocked by Niklas Kronwall.
17:11 of 3rd period - Shot by Brian Gionta.
17:11 of 3rd period - Shot Blocked by Niklas Kronwall.
17:13 of 3rd period - Shot by Brian Gionta.
17:13 of 3rd period - Shot Blocked by Niclas Wallin.
17:15 of 3rd period - Shot by Brian Gionta.
17:15 of 3rd period - Shot Blocked by Niklas Kronwall.
17:19 of 3rd period - Shot by Mike Richards.
17:19 of 3rd period - Shot Misses the Net.
17:21 of 3rd period - Shot by Mike Richards.
17:21 of 3rd period - Shot Misses the Net.
17:32 of 3rd period - Brian Gionta is hit by Niclas Wallin and loses puck.
17:39 of 3rd period - Shot by Mike Richards.
17:39 of 3rd period - Stopped by Jaroslav Halak without a rebound.
17:40 of 3rd period - Paul Stastny wins face-off versus Ryan Kesler in Canadiens zone.
18:07 of 3rd period - Shot by Martin Havlat.
18:07 of 3rd period - Stopped by Evgeni Nabokov without a rebound.
18:08 of 3rd period - R.J. Umberger wins face-off versus Ryan Kesler in Sabres zone.
18:25 of 3rd period - Patrick Kane is hit by James Neal and loses puck.
18:46 of 3rd period - Jeff Schultz is hit by R.J. Umberger and loses puck.
18:53 of 3rd period - Patrick Kane is hit by Mike Richards and loses puck.
19:33 of 3rd period - Patrick Kane is hit by Devin Setoguchi and loses puck.
19:38 of 3rd period - Shot by Mike Richards.
19:38 of 3rd period - Shot Misses the Net.
19:40 of 3rd period - Shot by Mike Richards.
19:40 of 3rd period - Stopped by Jaroslav Halak with a rebound.
19:42 of 3rd period - Shot by Tuomo Ruutu.
19:42 of 3rd period - Shot Misses the Net.
19:44 of 3rd period - Shot by Trevor Daley.
19:44 of 3rd period - Shot Blocked by Tim Gleason.
19:46 of 3rd period - Shot by Devin Setoguchi.
19:46 of 3rd period - Stopped by Jaroslav Halak without a rebound.
19:47 of 3rd period - Ryan Kesler wins face-off versus Martin Havlat in Canadiens zone.


Output by the SimonT Hockey Simulator (STHS) for Stephane Roy -- Original Page W3C XHTML 1.0 Valid